 Dungeon Crawl Stone Soup version 0.31-a0-263-ge8cad7f256 (webtiles) character file.

Game seed: 15114170391306278385

25 qw the Shooter (level 3, -25/21 HPs)
             Began as a Gargoyle Hexslinger on July 13, 2023.
             Killed by an exploding gnoll (32 damage)
             ... ignited by their inner flame
             ... on level 2 of the Dungeon.
             The game lasted 00:00:19 (797 turns).

qw the Shooter (Gargoyle Hexslinger)                 Turns: 797, Time: 00:00:20

Health: -25/21     AC:  5    Str: 11    XL:     3   Next: 6%
Magic:  4/4        EV: 12    Int: 13    God:
Gold:   38         SH:  0    Dex: 14    Spells: 3/4 levels left

rFire   . . .        Y - +1 sling
rCold   . . .        (no shield)
rNeg    + . .        c - +0 robe
rPois   inf          (no helmet)
rElec   +            (no cloak)
rCorr   .            (no gloves)
SInv    .            (no boots)
Will    .....        (no amulet)
Stlth   +            (no ring)
HPRegen 0.23/turn    (no ring)
MPRegen 0.09/turn

%: no passive effects
@: no status effects
A: sickness immunity, AC +3, negative energy resistance 1, electricity
resistance, torment resistance 1, petrification resistance
a: no special abilities


You were on level 2 of the Dungeon.
You visited 1 branch of the dungeon, and saw 2 of its levels.

You collected 38 gold pieces.


Innate Abilities, Weirdness & Mutations

You are immune to sickness and miasma.
Your stone body is resilient. (AC +3)
You are immune to poison.
You resist negative energy. (rN+)
You are resistant to electric shocks. (rElec)
You are resistant to unholy torment.
You are immune to petrification.


   Skills:
 - Level 2.0 Fighting
 + Level 3.0 Ranged Weapons
 - Level 1.5 Dodging
 - Level 1.0 Spellcasting
 - Level 2.6 Hexes


You had 3 spell levels left.
You knew the following spells:

 Your Spells              Type           Power      Damage    Failure   Level
a - Slow                  Hex            28%        N/A       10%         1

Your spell library contained the following spells:

 Spells                   Type           Power      Damage    Failure   Level
 Inner Flame              Hex/Fire       4%         N/A       43%         3
 Portal Projectile        Hex/Tloc       8%         N/A       43%         3
 Cause Fear               Hex            3%         N/A       67%         4

Inventory:

Hand Weapons
 Y - a +1 sling (weapon)
Armour
 c - a +0 robe (worn)
Scrolls
 b - 2 scrolls of immolation

Dungeon Overview and Level Annotations

Branches:
Dungeon (2/15)

Altars:

Annotations:
D:2 exclusion: 2 gnolls


Message History

Enter note:
Enter note:
Enter note:
Enter note:
Enter note:
Enter note:
Enter note:
Enter note:
Enter note:
Enter note:
792 ||| FLEEEEING.
793 ||| FLEEEEING.
You shoot a sling bullet. The sling bullet hits the gnoll.
The gnoll is heavily wounded.
The gnoll closely misses you.
The gnoll hits you from afar with a +0 spear.
Enter note:
Enter note:
Enter note:
Enter note:
795 ||| READING 3 scrolls labelled RYOXTIA CIRUATH.
As you read the scroll labelled RYOXTIA CIRUATH, it crumbles to dust.
The creatures around you are filled with an inner flame!
It was a scroll of immolation.
The gnoll completely misses you.
Enter note:
Enter note:
Enter note:
Enter note:
Enter note:
Enter note: The gnoll barely misses you.
You shoot a sling bullet. The sling bullet hits the gnoll.
Flame seeps out of the gnoll.
The gnoll is almost dead.
The gnoll is engulfed in blazing flames.
The gnoll explodes!
The fiery explosion engulfs you!!
Ouch! That really hurt!
You die...

######## #......#
###############.####.#
####........####.####.#####
####.#.###................#
####.#.###.#####.####.###.#
####.#..##.#####...........
####.##.##.###########.##.#
####.##.##@#####**** #.##.#
####.....0.#....,,,* #.##.#
#######.####....,,,* #.##.#
#######.####....,,,* #.....
#######.####....,,,* #.....
#######.####....,,,* ####.#
#######.####....,,,* ####.#
#######...##....,,,* #.....
######...g.####.**** #.#...


There were no monsters in sight!

Vanquished Creatures
  A gnoll (D:2)
  2 worms
  A dart slug (D:1)
  2 ball pythons (D:1)
  3 bats
  An endoplasm (D:1)
  2 giant cockroaches (D:1)
  A kobold (D:1)
  2 quokkas (D:2)
  2 frilled lizards (D:1)
  A rat (D:1)
18 creatures vanquished.

Notes
Turn   | Place    | Note
-------+----------+-------------------------------------------
     0 | D:1      | qw the Gargoyle Hexslinger began the quest for the Orb.
     0 | D:1      | Reached XP level 1. HP: 12/12 MP: 2/2
     0 | D:1      | 0 ||| qw: Version: 0.3-a-52-g30416fa
     0 | D:1      | 0 ||| qw: Game counter: 7498
     0 | D:1      | 0 ||| qw: Melee chars always use a shield: true
     0 | D:1      | 0 ||| qw: God list: Okawaru
     0 | D:1      | 0 ||| qw: Allow faded altars: false
     0 | D:1      | 0 ||| qw: Do Orc after clearing Dungeon:15 true
     0 | D:1      | 0 ||| qw: Do second Lair branch before Depths: true
     0 | D:1      | 0 ||| qw: Lair rune preference: random
     0 | D:1      | 0 ||| qw: Goals: Normal
     0 | D:1      | 0 ||| PLANNING D:1-11
   213 | D:1      | Reached XP level 2. HP: 16/16 MP: 3/3
   229 | D:1      | 229 ||| FLEEEEING.
   444 | D:1      | Reached skill level 3 in Ranged Weapons
   554 | D:1      | 554 ||| READING scroll labelled YTSYXK YDOECZAMO.
   555 | D:1      | 555 ||| READING scroll labelled NEUGGAISOF.
   556 | D:1      | 556 ||| DROPPING scroll of poison.
   603 | D:2      | 603 ||| STAIRDANCE
   607 | D:1      | HP: 3/16 [worm (10)]
   683 | D:2      | Reached XP level 3. HP: 21/21 MP: 4/4
   789 | D:2      | 789 ||| READING scroll labelled CONWO EDWOYR.
   792 | D:2      | 792 ||| FLEEEEING.
   793 | D:2      | 793 ||| FLEEEEING.
   795 | D:2      | 795 ||| READING 3 scrolls labelled RYOXTIA CIRUATH.
   797 | D:2      | Killed by an exploding gnoll... ignited by their inner
                  | flame

Levels and vault maps discovered:
D:1:      mrwooster_arrival_statue, layout_rooms, serial_bayou,
          serial_bayou_ford_a, serial_bayou_lagoon_a, serial_bayou_shore_b,
          serial_bayou_pond_e, minmay_misc_feat_nine_boxes
D:2:      layout_loops_cross

Skill      XL: |  1  2  3 |
---------------+----------+-----
Ranged Weapons | 3 |  3.0
Fighting       | 2 |  2.0
Dodging        | |  1.5
Spellcasting   | |  1.0
Hexes          | |  2.6

Action                     || total
---------------------------++-------
   Fire: Sling             ||    68
    Use: Scroll            ||     4
 Armour: Robe              ||     2
  Dodge: Dodged            ||     8

Table legend:
 A = Non-vault XP
 B = Vault XP
 C = Vault XP percentage of total XP
 D = Non-vault monster count
 E = Vault monster count
 F = Vault count percentage of total count
                 A         B        C        D         E       F
            +---------+---------+-------+---------+---------+-------
      Total |      52 |       0 |   0.0 |      18 |       0 |   0.0
            +---------+---------+-------+---------+---------+-------
        D:1 |      27 |       0 |   0.0 |      13 |       0 |   0.0
        D:2 |      25 |       0 |   0.0 |       5 |       0 |   0.0
            +---------+---------+-------+---------+---------+-------
